 Dungeon Crawl Stone Soup version 0.18.1-5-g4a78601 (webtiles) character file.

190 oplop the Sneak (level 5, 0/26 HPs)
             Began as a Vine Stalker Assassin on May 9, 2016.
             Succumbed to an adder's poison
             ... on level 3 of the Dungeon.
             The game lasted 00:05:09 (1681 turns).

oplop the Sneak (Vine Stalker Assassin)             Turns: 1681, Time: 00:05:10

Health: 0/26       AC:  5    Str: 11 (14) XL:     5   Next: 69%
Magic:  3/6        EV: 13    Int:  9 (11) God:
Gold:   126        SH:  0    Dex: 14 (16) Spells: 0 memorised, 4 levels left

rFire  . . .     SeeInvis .     a - +2 dagger
rCold  + . .     Gourm    .     x - +1 robe {rC+}
rNeg   . . .     Faith    .     (no shield)
rPois  .         Spirit   +     p - +0 helmet
rElec  .         Dismiss  .     d - +0 cloak
rCorr  .         Reflect  .     (no gloves)
SustAt .         Harm     .     (no boots)
MR     .....                    (no amulet)
Stlth  +++.......               (no ring)
                                k - ring of wizardry

@: lethally poisoned (0 -> -4), not resistant to hostile enchantments, fairly
stealthy
A: fangs 2, regeneration 1, magic shield, antimagic bite, no device heal 3, rot
immunity
a: no special abilities


You were on level 3 of the Dungeon.
You were not hungry.

You visited 1 branch of the dungeon, and saw 3 of its levels.

You collected 126 gold pieces.

Inventory:

Hand Weapons
 a - a +2 dagger (weapon)
 b - a +0 blowgun
Missiles
 e - 8 poisoned needles
 f - 2 curare-tipped needles
Armour
 c - a +0 robe
 d - a +0 cloak (worn)
 p - a +0 helmet (worn)
 x - a +1 robe of cold resistance (worn)
Jewellery
 k - a ring of wizardry (left hand)
 s - a cursed -3 ring of protection {unknown}
Scrolls
 m - a scroll of noise {unknown}
 o - a scroll of remove curse {unknown}
 q - 5 scrolls of identify {unknown}
 r - a scroll of enchant armour {unknown}
 v - 3 scrolls of amnesia {unknown}
 w - a scroll of blinking {unknown}
Potions
 i - a potion of mutation {unknown}
 j - a potion of degeneration
 t - a potion of might {unknown}
 A - a potion of curing {unknown}
Comestibles
 g - 2 bread rations
 h - 3 fruits
 l - 2 meat rations
 n - 3 slices of pizza
 u - 2 chunks of flesh
 z - a royal jelly
 B - a beef jerky


   Skills:
 - Level 1.7 Fighting
 + Level 3.2 Short Blades
 - Level 1.7 Throwing
 + Level 2.7 Dodging
 + Level 6.2 Stealth


You had 4 spell levels left.
You didn't know any spells.

Dungeon Overview and Level Annotations

Branches:
Dungeon (3/15)

Altars:


Innate Abilities, Weirdness & Mutations

You have extremely sharp teeth.
Your natural rate of healing is unusually fast.
When hurt, damage is shared between your health and your magic reserves.
Your bite disrupts and absorbs the magic of your enemies.
Potions and wands cannot restore your health.
You are immune to rotting.


Message History

The adder is almost dead.
* * * LOW HITPOINT WARNING * * *
You feel sick. The adder barely misses you. The hobgoblin misses you.
Unknown command.
You hit the adder.
You kill the adder!
* * * LOW HITPOINT WARNING * * *
You feel sick. The hobgoblin hits you with a club.
* * * LOW HITPOINT WARNING * * *
Unknown command.
Drink which item? (? for menu, Esc to quit)
It was a potion of degeneration.
There was something very wrong with that liquid.
You feel weakened.
You feel dopey.
You feel clumsy.
* * * LOW HITPOINT WARNING * * *
You feel sick.
The hobgoblin hits you but does no damage.
You hit the hobgoblin.
The hobgoblin is heavily wounded.
You die...

##.##.#
#...#.#
....#.#
#....†#
†...###
#.....#
....#
#...#)#
....#
#....##
....#
#....)#
...##
#!...##
...#
#...#.#
...#
#...†@#
#...g†#
#...#.#
#....##
#....
#....
#....
#....


You could see a hobgoblin.

Vanquished Creatures
  An orc wizard (D:3)
  5 adders
  2 oozes (D:3)
  6 worms
  2 dart slugs (D:1)
  A giant gecko (D:2)
  7 orcs (D:3)
  7 bats
  3 giant cockroaches (D:1)
  8 goblins
  10 hobgoblins
  7 jackals
  A quokka (D:2)
  A ball python (D:3)
  3 giant newts
  6 kobolds
  13 rats
83 creatures vanquished.

Notes
Turn   | Place    | Note
--------------------------------------------------------------
     0 | D:1      | oplop the Vine Stalker Assassin began the quest for the Orb.
     0 | D:1      | Reached XP level 1. HP: 11/11 MP: 2/2
    41 | D:1      | Reached skill level 5 in Stealth
    46 | D:1      | Reached skill level 1 in Dodging
    87 | D:1      | Reached XP level 2. HP: 15/15 MP: 3/3
   478 | D:1      | Reached XP level 3. HP: 18/18 MP: 4/4
   891 | D:2      | Reached XP level 4. HP: 23/23 MP: 5/5
  1409 | D:3      | Reached skill level 6 in Stealth
  1409 | D:3      | Reached XP level 5. HP: 15/26 MP: 2/6
  1680 | D:3      | HP: 1/26 [poisoned by an adder]
  1681 | D:3      | Succumbed to an adder's poison

Skill      XL: |  1  2  3  4 |
---------------+-------------+-----
Stealth        | 5 6 |  6.2
Dodging        | 1 2 |  2.7
Short Blades   | 2 3 |  3.2
Fighting       | |  1.7
Throwing       | |  1.7

Action                   |  1- 3 |  4- 6 || total
-------------------------+-------+-------++-------
Melee: Dagger            |    87 |   155 ||   242
       Bite              |    20 |    44 ||    64
  Use: Potion            |       |     1 ||     1
 Stab: Sleeping          |    15 |     7 ||    22
  Eat: Chunk             |       |     3 ||     3
Armor: Robe              |    20 |    37 ||    57
Dodge: Dodged            |    46 |   100 ||   146
